[Event "Late-Titled-Tuesday-Blitz-March-05-2024"]
[Site "Chess.com"]
[Date "2024.03.05"]
[Round "4"]
[White "Sokoloco"]
[Black "thesupera12"]
[Result "1-0"]
[WhiteElo "2755"]
[BlackElo "2494"]
[TimeControl "180+1"]
[EndTime "14:39:25 PST"]
[Termination "Sokoloco won by resignation"]

1. b3 a5 2. Bb2 a4 3. b4 Nf6 4. a3 e6 5. Nf3 c5 6. b5 b6 7. c4 Bb7 8. d3 d5 9. e3 Be7 10. Be2 O-O 11. O-O Nbd7 12. Nc3 Qc7 13. Nxa4 dxc4 14.
dxc4 Rfd8 15. Qc2 Be4 16. Qb3 Ng4 17. g3 Qb7 18. Nd2 Ndf6 19. Nxe4 Qxe4 20. Nxb6 Rab8 21. Na4 h5 22. Rad1 h4 23. Bxf6 Bxf6 24. Nxc5 Qg6 25. Nd7 Rxd7 26. Rxd7 hxg3 27. hxg3 Ne5 28. Rd4 Qh6 29. Kg2 Ng6 30. Rg4 Ne5 31. Rh1 Nxg4 32. Rxh6 Nxh6 33. c5 Nf5 34. b6 Ne7 35. Bf3 Be5 36.
a4 g5 37. c6 Kg7 38. a5 g4 39. Be4 f5 40. Qxe6 Bf6 41. Bxf5 Nxc6 42. Qxc6 1-0

[Event "Late-Titled-Tuesday-Blitz-March-05-2024"]
[Site "Chess.com"]
[Date "2024.03.05"]
[Round "4"]
[White "SameerMujumdar"]
[Black "AungTZ"]
[Result "1-0"]
[WhiteElo "2437"]
[BlackElo "2033"]
[TimeControl "180+1"]
[EndTime "14:39:25 PST"]
[Termination "SameerMujumdar won by resignation"]

1. d4 Nf6 2. Nf3 d5 3. e3 Bg4 4.
Be2 Bxf3 5. Bxf3 Nbd7 6. c4 e6 7. Nc3 Bb4 8. O-O Bxc3 9. bxc3 O-O 10. Qb3 Nb6 11. cxd5 exd5 12. a4 a5 13. Ba3 Re8 14.
Bc5 Nc4 15. Qxb7 Nd2 16. Rfd1 Nxf3+ 17. gxf3 Qd7 18. Qb5 c6 19. Qf1 Qf5 20. Qg2 Nd7 21.
Ba3 Re6 22. Kf1 Rg6 23. Qh1 Qh3+ 24. Ke2 Rg2 25. Qf1 Re8 26. Bd6 Re6 27. Bg3 h5 28.
Rab1 h4 29. Bf4 g5 30. Bc7 Rf6 31. f4 g4 32. Be5 Qf3+ 33. Ke1 Nxe5 34. dxe5 Rg6 35.
Rb8+ Kg7 36. f5 Rg5 37. f6+ Kh7 38. Qd3+ Rf5 39. Qe2 Qe4 40. Rd4 Qb1+ 41. Rxb1 g3 42. Rxh4+ 1-0

[Event "Late-Titled-Tuesday-Blitz-March-05-2024"]
[Site "Chess.com"]
[Date "2024.03.05"]
[Round "4"]
[White "PapaieDudu"]
[Black "ChessSwole"]
[Result "0-1"]
[WhiteElo "2428"]
[BlackElo "2720"]
[TimeControl "180+1"]
[EndTime "14:39:26 PST"]
[Termination "ChessSwole won on time"]

1. Nf3 d5 2. d4 Nf6 3. c4 e6 4. Nc3 c5 5. e3 Nc6 6. Bd3 dxc4 7. Bxc4 a6 8. a4 cxd4 9. exd4 Be7 10. O-O O-O 11. Be3 Nb4 12. Re1 Nbd5 13. a5 Bb4 14.
Ne5 Nxc3 15. bxc3 Bxc3 16. Ra3 Bxe1 17. Qxe1 Nd5 18. Bd2 Ne7 19. Rh3 Ng6 20. Qe4 Bd7 21. Bb4 Re8 22. Bd3 Bc6 23. Qg4 f5 24. Qh5 Nxe5 25.
dxe5 h6 26. Qg6 Qg5 27. Rg3 Qxg6 28. Rxg6 Rad8 29. Bf1 Kf7 30. Rg3 Bb5 31. Bxb5 axb5 32. h4 Rd4 33. Bd6 Rc8 34. Rb3 Rxh4 35. g3 Ra4 36. Rxb5 g5 37. Rxb7+ Kg6 38. Bc7 f4 39. Bb6 Kf5 40. Rf7+ Kxe5 41. gxf4+ gxf4 42. Bc7+ Kd5 43. Bxf4 Rg8+ 44. Kf1 Rxa5 45. Bxh6 Ra1+ 46. Ke2 Ra2+ 47. Kf3 Rg6 48. Be3 e5 49. Rd7+ Ke6 50. Rd8 Ke7 0-1

[Event "Late-Titled-Tuesday-Blitz-March-05-2024"]
[Site "Chess.com"]
[Date "2024.03.05"]
[Round "4"]
[White "kagg1125"]
[Black "ArtemDyachuk"]
[Result "0-1"]
[WhiteElo "2522"]
[BlackElo "2688"]
[TimeControl "180+1"]
[EndTime "14:39:27 PST"]
[Termination "ArtemDyachuk won on time"]

1. e4 c5 2. Nf3 d6 3. Bb5+ Nd7 4. O-O Nf6 5. d4 cxd4 6. Nxd4 g6 7. Re1 Bg7 8. Bf1 O-O 9. c4 Nc5 10. Nc3 b6 11. f3 Bb7 12. Be3 Rc8 13. Rc1 Qd7 14. Qd2 Rfd8 15. b3 e6 16. Bg5 Qe7 17. Rcd1 a6 18.
Qf2 h6 19. Bc1 Kh7 20. Bb2 Nfd7 21. b4 e5 22. bxc5 exd4 23. Nd5 Bxd5 24. exd5 Qg5 25. h4 Qf4 26. Re4 Qf5 27. g4 Qf6 28. Bxd4 Ne5 29. Bxe5 dxe5 30. c6 Bf8 31. Qxb6 Qxf3 32. Qf2 Qxe4 33.
Re1 Qxg4+ 34. Kh2 Bc5 35. Qxf7+ Kh8 36. Qf6+ Kg8 37. Rxe5 Rf8 38. Qe6+ Qxe6 39. Rxe6 Rxf1 40. d6 Rd1 41. d7 Rf8 42. Re8 Kf7 43. c7 Bd6+ 44.
Kh3 Bxc7 45. c5 Rxd7 0-1

[Event "Late-Titled-Tuesday-Blitz-March-05-2024"]
[Site "Chess.com"]
[Date "2024.03.05"]
[Round "4"]
[White "martinmena"]
[Black "lefonghua"]
[Result "0-1"]
[WhiteElo "2311"]
[BlackElo "2614"]
[TimeControl "180+1"]
[EndTime "14:39:27 PST"]
[Termination "lefonghua won on time"]

1. c4 Nf6 2. g3 g6 3. Bg2 Bg7 4. Nc3 O-O 5. d3 c5 6. Bg5 Nc6 7. Qd2 d6 8. e4 a6 9. Nge2 Rb8 10. b3 b5 11. Rb1 Nd4 12. Nxd4 cxd4 13. Ne2 Nd7 14.
Bh6 Bxh6 15. Qxh6 Nc5 16. Qd2 bxc4 17. dxc4 e5 18. O-O a5 19. Nc1 Bb7 20. f3 Kg7 21. Nd3 Bc6 22. Nxc5 dxc5 23. a4 Rb4 24. Qd3 Qe7 25. f4 Rfb8 26. f5 Qg5 27. Rfe1 Bd7 28. Bh3 f6 29. Kg2 Bc6 30. fxg6 hxg6 31. Kg1 Qh5 32. Be6 Rh8 33. Qd2 Qh6 34. Qf2 Qg5 35.
Kh1 Rhb8 36. Bd5 Bd7 37. Qf3 R8b6 38. Rf1 Bxa4 39. h4 Qh5 40. Qxh5 gxh5 41. Rf5 Rxb3 42. Rxb3 Bxb3 43. Rxh5 a4 44. Rh7+ Kxh7 0-1

[Event "Late-Titled-Tuesday-Blitz-March-05-2024"]
[Site "Chess.com"]
[Date "2024.03.05"]
[Round "4"]
[White "Eloist"]
[Black "Mikhail_Golubev"]
[Result "1-0"]
[WhiteElo "2437"]
[BlackElo "2630"]
[TimeControl "180+1"]
[EndTime "14:39:27 PST"]
[Termination "Eloist won on time"]

1. e4 c5 2. Nf3 d6 3. Bb5+ Bd7 4. Bxd7+ Nxd7 5. O-O Ngf6 6. Qe2 e6 7. d4 cxd4 8. Nxd4 Rc8 9. c4 a6 10. b3 Be7 11.
Bb2 O-O 12. Nc3 Qa5 13. Rad1 Rfe8 14. f4 Qh5 15. Qxh5 Nxh5 16. g4 Nhf6 17. g5 Nh5 18.
Kg2 g6 19. h4 Bf8 20. Nde2 Nc5 21. Rd2 Bg7 22. Rxd6 Nxe4 23. Nxe4 Bxb2 24. Rfd1 Ng7 25. N2g3 Nf5 26. R1d2 Nxd6 27. Nxd6 Red8 28. Nge4 Bc1 29. Rc2 Bxf4 30. Nxc8 Rxc8 31. Kf3 e5 32. Nd6 Rc7 33. c5 Kf8 34. Ke4 Ke7 35. b4 Ke6 36. a4 h6 37.
gxh6 f5+ 38. Kd3 e4+ 39. Nxe4 fxe4+ 40. Kxe4 Bxh6 41. Rg2 Kf6 42. Rf2+ Kg7 43. Kd5 Rd7+ 44.
Ke6 Rd4 45. Rf7+ Kg8 46. Rxb7 1-0

[Event "Late-Titled-Tuesday-Blitz-March-05-2024"]
[Site "Chess.com"]
[Date "2024.03.05"]
[Round "4"]
[White "BeanScreen"]
[Black "crazyluzhinTh3"]
[Result "0-1"]
[WhiteElo "2716"]
[BlackElo "2566"]
[TimeControl "180+1"]
[EndTime "14:39:28 PST"]
[Termination "crazyluzhinTh3 won by resignation"]

1. e4 d6 2. d4 Nf6 3. Nc3 g6 4. Bg5 c6 5. Qd2 b5 6. e5 b4 7.
exf6 bxc3 8. Qxc3 exf6 9. d5 Bg7 10. dxc6 O-O 11. c7 Qe7+ 12. Be3 f5 13. Qc4 Na6 14. O-O-O Nxc7 15. Nf3 Be6 16. Qa4 Rab8 17. Bd4 Rfc8 18. Bxg7 Kxg7 19. Nd4 Qf6 20. Nb3 Nd5 21. Ba6 Rc7 22.
Kb1 Nb4 23. Bd3 Rcb7 24. h4 h5 25. Be2 Rc7 26. c3 Nxa2 27. Rxd6 Nxc3+ 28. bxc3 Qxc3 29. Qd4+ Qxd4 30. Rxd4 Rxb3+ 31. Ka1 Rcb7 32. Ra4 Rb2 33. Bc4 Bxc4 34. Rxc4 Rxf2 35. g3 Rb3 36. Ra4 Rxg3 37. Rxa7 Rfg2 38. Rc1 Rg1 39. Kb2 Rxc1 40. Kxc1 Rg4 41.
Kd2 Rxh4 42. Ke3 Re4+ 43. Kf3 h4 44. Ra6 g5 45. Rb6 f6 46. Ra6 Kg6 47. Ra8 Rb4 48. Rg8+ Kf7 49. Ra8 Rb3+ 50. Kg2 Kg6 51. Rg8+ Kh5 52. Rh8+ Kg4 53. Ra8 Rb2+ 54. Kg1 f4 55. Ra3 f3 56. Ra1 Kg3 57. Kh1 Rh2+ 58. Kg1 f2+ 59. Kf1 Rh1+ 60. Ke2 Rxa1 61. Ke3 Re1+ 0-1

[Event "Late-Titled-Tuesday-Blitz-March-05-2024"]
[Site "Chess.com"]
[Date "2024.03.05"]
[Round "4"]
[White "prime-morty"]
[Black "Vegan4future"]
[Result "1/2-1/2"]
[WhiteElo "2595"]
[BlackElo "2479"]
[TimeControl "180+1"]
[EndTime "14:39:28 PST"]
[Termination "Game drawn by stalemate"]

1. c4 e5 2. Nc3 Nc6 3. Nf3 g6 4.
d4 exd4 5. Nxd4 Bg7 6. Nxc6 bxc6 7. g3 Ne7 8. Bg2 O-O 9. O-O Bb7 10. e4 Re8 11.
Be3 d6 12. Bd4 c5 13. Bxg7 Kxg7 14. Nd5 Bxd5 15. cxd5 f6 16. b3 Ng8 17. Qd3 Qd7 18.
h4 h5 19. Kh2 Nh6 20. f3 f5 21.
Bh3 Rf8 22. Qc3+ Kh7 23. Rae1 Qg7 24. Qxg7+ Kxg7 25. e5 dxe5 26. Rxe5 Rae8 27. Rfe1 Rxe5 28. Rxe5 Nf7 29. Re7 Rd8 30. Rxc7 Rxd5 31. Bf1 Rd2+ 32. Kh3 Kf6 33. f4 Nd6 34. Bc4 Nxc4 35. bxc4 Rxa2 36.
Rxc5 a5 37. Rc6+ Kf7 38. Ra6 a4 39. c5 a3 40. c6 Ke7 41. c7 Kd7 42. Rxg6 Rc2 43.
Ra6 a2 44. Ra7 Kc8 45. g4 fxg4+ 46. Kg3 Rc3+ 47. Kg2 Rh3 48. Rxa2 Rxh4 49. Rc2 Rh3 50. Rc4 Rf3 51. Kh2 h4 52. Kg2 h3+ 53. Kh2 Rf2+ 54. Kg3 h2 55. Rc1 Rc2 56. Rh1 Kxc7 57. Rxh2 Rxh2 58.
Kxh2 Kd6 59. Kg3 Ke6 60. Kxg4 Kf6 61. f5 Kf7 62. Kf4 Kf6 63. Ke4 Kf7 64. Ke5 Ke7 65. f6+ Kf7 66. Kf5 Kf8 67. Ke6 Ke8 68. Ke5 Kf7 69.
Kf5 Kf8 70. Kg6 Kg8 71. f7+ Kf8 72. Kf6 1/2-1/2

[Event "Late-Titled-Tuesday-Blitz-March-05-2024"]
[Site "Chess.com"]
[Date "2024.03.05"]
[Round "4"]
[White "Fjal"]
[Black "SergioMoralesG"]
[Result "0-1"]
[WhiteElo "2299"]
[BlackElo "2486"]
[TimeControl "180+1"]
[EndTime "14:39:28 PST"]
[Termination "SergioMoralesG won by checkmate"]

1. Nf3 c5 2. g3 Nc6 3. Bg2 g6 4.
O-O Bg7 5. d3 d6 6. e4 e5 7. c3 Nge7 8. a3 a5 9. a4 O-O 10. Na3 d5 11. Nb5 d4 12. cxd4 cxd4 13. b3 h6 14. Ba3 Be6 15. Rc1 Rc8 16. Nd6 Rb8 17. Nd2 Nb4 18. N2c4 Nec6 19. f4 Bxc4 20. Nxc4 b5 21. Bxb4 axb4 22. axb5 Rxb5 23. Ra1 exf4 24.
gxf4 Na5 25. e5 Qc7 26. Qd2 Rfb8 27. Rfc1 Nxc4 28. Rxc4 Qd8 29. Ra7 Ra5 30. Rcc7 Rxa7 31. Rxa7 Rc8 32. Qxb4 Rc1+ 33. Kf2 Qh4+ 34. Kf3 Rc2 35.
Qxd4 Qxh2 36. Qd7 Qxg2+ 37. Ke3 Qf2+ 38. Ke4 Re2+ 39. Kd5 Qxf4 40. Qe8+ Kh7 41. d4 Rd2 42. Rxf7 Rxd4+ 43. Kc6 Qc1+ 44. Kb5 Rd5+ 45. Ka4 Qa1+ 46. Kb4 Qa5+ 47. Kc4 Qc5# 0-1

[Event "Late-Titled-Tuesday-Blitz-March-05-2024"]
[Site "Chess.com"]
[Date "2024.03.05"]
[Round "4"]
[White "GianmarcoVaR"]
[Black "Sanan_Sjugirov"]
[Result "0-1"]
[WhiteElo "2776"]
[BlackElo "2995"]
[TimeControl "180+1"]
[EndTime "14:39:30 PST"]
[Termination "Sanan_Sjugirov won by resignation"]

1. e4 c6 2. d4 d5 3. e5 Bf5 4.
Nf3 e6 5. Be2 Ne7 6. O-O Nd7 7.
a4 a5 8. Nbd2 h6 9. Nb3 g5 10. Bd2 Bg7 11. c4 dxc4 12. Bxc4 O-O 13. Qe2 Nd5 14. Ne1 c5 15. Bxd5 exd5 16. Nxc5 Nxc5 17. dxc5 Qc7 18. Bc3 Qxc5 19. Rd1 Rfe8 20. Qf3 Be4 21. Qg3 Ra6 22. Nf3 Rae6 23. h4 Rg6 24. hxg5 hxg5 25. Nxg5 Bc2 26. Rc1 Bxa4 27.
e6 f6 28. Bxf6 Qf8 29. Bxg7 Qxg7 30. f4 Rgxe6 31. f5 Re3 32. Qh4 R3e4 33. Nxe4 Rxe4 34.
Rf4 Qd4+ 35. Rf2 Rxh4 36. f6 Be8 37. f7+ Bxf7 38. Rf1 Rh7 0-1

[Event "Late-Titled-Tuesday-Blitz-March-05-2024"]
[Site "Chess.com"]
[Date "2024.03.05"]
[Round "4"]
[White "rodp92"]
[Black "jstopa4"]
[Result "0-1"]
[WhiteElo "2491"]
[BlackElo "2705"]
[TimeControl "180+1"]
[EndTime "14:39:30 PST"]
[Termination "jstopa4 won on time"]

1. e4 e6 2. d4 d5 3. Nd2 c5 4.
exd5 exd5 5. Bb5+ Bd7 6. Bxd7+ Nxd7 7. Ngf3 Ngf6 8. O-O Be7 9. Re1 O-O 10. h3 Rc8 11. c3 Re8 12. Qa4 a6 13. a3 Rc6 14.
Ne5 Re6 15. Ndf3 b5 16. Qc2 h6 17. Be3 c4 18. Re2 Nb6 19. Rae1 Bf8 20. Bf4 Qc8 21.
g4 Ne4 22. Kg2 a5 23. Nd2 Nf6 24. f3 b4 25. axb4 axb4 26. Nf1 Nfd7 27. Ng3 f6 28. Ng6 Rxe2+ 29. Rxe2 b3 30. Qf5 Rxe2+ 31. Nxe2 Qe8 32. Kf2 Kf7 33. Bc7 Na4 34. Nef4 Ndb6 35. Nh8+ Kg8 36. Nhg6 Qd7 37. Qxd7 Nxd7 38. Nxd5 Nxb2 39.
Ne3 Nd3+ 40. Ke2 b2 41. Nxc4 b1=Q 42. Nd2 Nc1+ 43. Kf2 Nb3 0-1

[Event "Late-Titled-Tuesday-Blitz-March-05-2024"]
[Site "Chess.com"]
[Date "2024.03.05"]
[Round "4"]
[White "Nouali_Mohamed"]
[Black "Balla_Tamas"]
[Result "1-0"]
[WhiteElo "2553"]
[BlackElo "2409"]
[TimeControl "180+1"]
[EndTime "14:39:30 PST"]
[Termination "Nouali_Mohamed won by resignation"]

1. e4 c5 2. Nf3 Nc6 3. Nc3 g6 4. d4 cxd4 5. Nxd4 Bg7 6. Be3 Nf6 7. Bc4 O-O 8. Bb3 d6 9. f3 Bd7 10. Qd2 Rc8 11. O-O-O a6 12. h4 h5 13. Kb1 b5 14.
Bh6 Nxd4 15. Bxg7 Kxg7 16. Qxd4 a5 17. g4 hxg4 18. h5 a4 19. Bxf7 Rxf7 20. hxg6 Rf8 21.
Nd5 Rc4 22. Qe3 Rh8 23. b3 axb3 24. axb3 Rc5 25. Nxf6 exf6 26. Rxh8 Qxh8 27. Rxd6 Qh1+ 28. Kb2 Rc7 29. e5 Bf5 30. exf6+ Kxg6 31. f7+ Kh7 32. f8=Q Rxc2+ 33. Ka3 Qa1+ 34. Kb4 Qe1+ 35. Qxe1 1-0

[Event "Late-Titled-Tuesday-Blitz-March-05-2024"]
[Site "Chess.com"]
[Date "2024.03.05"]
[Round "4"]
[White "AlexPapasimakopoulos"]
[Black "Crazy_girl99"]
[Result "0-1"]
[WhiteElo "2737"]
[BlackElo "2575"]
[TimeControl "180+1"]
[EndTime "14:39:31 PST"]
[Termination "Crazy_girl99 won on time"]

1. d4 Nf6 2. c4 e6 3. Nc3 Bb4 4. Qc2 Nc6 5. Nf3 d5 6. Bg5 h6 7. Bxf6 Qxf6 8. e3 O-O 9. cxd5 exd5 10. a3 Bf5 11. Bd3 Bxd3 12. Qxd3 Bxc3+ 13. Qxc3 Qd6 14. Rc1 Rac8 15. O-O Ne7 16. Qb3 b6 17. Rfd1 c6 18. Qb4 Nf5 19. Rc3 c5 20. dxc5 bxc5 21. Qg4 Qe6 22.
h3 Nd6 23. b3 Ne4 24. Rcd3 f5 25. Qf4 c4 26. bxc4 dxc4 27. Rd4 c3 28. Rc1 c2 29. Qe5 Qc6 30. Qd5+ Qxd5 31. Rxd5 Rc3 32. Nd4 Rfc8 33. Nxf5 Rb3 34. Ne7+ Kf7 35. Nxc8 Rb1 36. Kh2 Rxc1 37. Rd7+ Ke6 38. Rc7 Kd5 39. Nxa7 Nc5 40. Nc6 Rb1 41.
Ne7+ Kc4 42. Nf5 c1=Q 43. f3 Qh1+ 44. Kg3 Rb2 45. Nd6+ Kd5 0-1

[Event "Late-Titled-Tuesday-Blitz-March-05-2024"]
[Site "Chess.com"]
[Date "2024.03.05"]
[Round "4"]
[White "ShahMatKanal"]
[Black "Byniolus"]
[Result "0-1"]
[WhiteElo "2508"]
[BlackElo "2779"]
[TimeControl "180+1"]
[EndTime "14:39:31 PST"]
[Termination "Byniolus won by resignation"]

1. d4 d6 2. Nf3 Bg4 3. g3 Bxf3 4. exf3 e6 5. f4 c6 6. Bg2 g6 7. O-O Bg7 8. c3 Ne7 9. Nd2 O-O 10. Re1 Nd7 11. Nc4 d5 12. Ne5 Rc8 13. h4 h5 14.
Bh3 c5 15. Nxd7 Qxd7 16. Be3 b6 17. Qd2 Rfe8 18. Rad1 Qa4 19. a3 Qb3 20. Re2 Rc7 21. Kh2 Kf8 22. Qc2 Qb5 23. Qd3 Qb3 24. Qc2 Qc4 25. Qd3 Qa4 26. Qc2 Qxc2 27. Rxc2 Rec8 28. Rcd2 Ke8 29. Bf1 Nf5 30. Ba6 Rd8 31. Kg2 Ke7 32. Kf3 cxd4 33. Bxd4 Bxd4 34. cxd4 Rd6 35. Ke2 Rdc6 36.
Kd3 Nd6 37. a4 Ne4 38. Bb5 Nxd2 39. Bxc6 Nc4 40. Bb5 Nxb2+ 41. Kd2 Nxd1 42. Kxd1 Rc3 43. Kd2 Ra3 44. Ke2 a6 45. Bc6 Rc3 46. Bb7 Rc4 47. Bxa6 Rxa4 0-1

[Event "Late-Titled-Tuesday-Blitz-March-05-2024"]
[Site "Chess.com"]
[Date "2024.03.05"]
[Round "4"]
[White "ventdelest"]
[Black "Felix-Rose"]
[Result "0-1"]
[WhiteElo "2071"]
[BlackElo "2292"]
[TimeControl "180+1"]
[EndTime "14:39:31 PST"]
[Termination "Felix-Rose won by resignation"]

1. e4 e5 2. Nf3 Nc6 3. Bc4 Nf6 4. d3 Bc5 5. c3 d6 6. Nbd2 a5 7. a4 Ba7 8. O-O O-O 9. Re1 Be6 10. Bb5 Ne7 11.
d4 Ng6 12. Nf1 c6 13. Bd3 h6 14. Ng3 Re8 15. h3 Qc7 16. Be3 Bb6 17. Qd2 Rad8 18.
Bxh6 gxh6 19. Qxh6 Qe7 20. Nf5 Qf8 21. Qg5 Nh7 22.
Qg3 Kh8 23. h4 Bxf5 24. exf5 Nf4 25. Be4 Qh6 26. dxe5 Rg8 27. Ng5 Nxg5 28. hxg5 Rxg5 29. Qh2 Rh5 30. Qxh5 Qxh5 31. exd6 Rg8 32. g3 Rxg3+ 33. Kf1 Qh3+ 0-1

[Event "Late-Titled-Tuesday-Blitz-March-05-2024"]
[Site "Chess.com"]
[Date "2024.03.05"]
[Round "4"]
[White "tolimachess"]
[Black "PepeCuenca"]
[Result "1-0"]
[WhiteElo "2446"]
[BlackElo "2687"]
[TimeControl "180+1"]
[EndTime "14:39:32 PST"]
[Termination "tolimachess won on time"]

1. e4 c5 2. Nf3 Nc6 3. d4 cxd4 4. Nxd4 e5 5. Nb5 d6 6. N1c3 a6 7. Na3 Be7 8. Nd5 Nf6 9. Nxf6+ Bxf6 10. c4 O-O 11. Be2 Bg5 12. O-O Be6 13. Nc2 Bxc1 14. Rxc1 Rc8 15. Qd2 Qe7 16. Rcd1 Rcd8 17. a3 g6 18. b4 f5 19. f3 f4 20. Qe1 g5 21.
h3 h5 22. Qf2 Qf7 23. Rd5 Bxd5 24. exd5 Ne7 25. Bd3 Nf5 26. Re1 Qg7 27. c5 g4 28.
fxg4 hxg4 29. hxg4 Qxg4 30. cxd6 Ng3 31. Rxe5 Rxd6 32. Nd4 Qd1+ 33. Bf1 Rh6 34. Rg5+ Kh8 35. Rxg3 Qh5 36. Rh3 Qg5 37. Ne6 Qf6 38. Rxh6+ Qxh6 39. Nxf8 Qxf8 40. Qd4+ Kh7 41. d6 Kh6 42. Bd3 Kg5 43.
Qe5+ Kg4 44. Be2+ Kh4 45. Qh5+ 1-0

[Event "Late-Titled-Tuesday-Blitz-March-05-2024"]
[Site "Chess.com"]
[Date "2024.03.05"]
[Round "4"]
[White "Lukianoo"]
[Black "AldokhinIvan"]
[Result "0-1"]
[WhiteElo "2867"]
[BlackElo "2698"]
[TimeControl "180+1"]
[EndTime "14:39:34 PST"]
[Termination "AldokhinIvan won on time"]

1. e4 c5 2. Nf3 e6 3. c3 Nf6 4. e5 Nd5 5. d4 cxd4 6. cxd4 b6 7. Bc4 Bb7 8. O-O d6 9. Bxd5 Bxd5 10. Nc3 Bb7 11. d5 exd5 12. exd6 Bxd6 13. Re1+ Be7 14.
Bg5 f6 15. Nd4 fxg5 16. Ne6 Qd7 17. Nxg7+ Kf7 18. Ne6 Rc8 19. Qh5+ Kg8 20. Re5 Bf6 21. Rae1 Qf7 22. Qg4 Nd7 23. Rf5 Qg6 24. h4 Re8 25.
hxg5 Bxc3 26. bxc3 Rxe6 27. Rf1 Re4 28. Qf3 Ne5 29. Qh3 Bc8 30. Qd3 Bxf5 31. Qxd5+ Qe6 32.
Qxa8+ Kg7 33. Qxa7+ Kg6 34. Qb8 Rg4 35. f3 Rxg5 36.
Qc7 Qf6 37. Rd1 Nf7 0-1

[Event "Late-Titled-Tuesday-Blitz-March-05-2024"]
[Site "Chess.com"]
[Date "2024.03.05"]
[Round "4"]
[White "bancsoo"]
[Black "LangesNasenhaar"]
[Result "1-0"]
[WhiteElo "2880"]
[BlackElo "2524"]
[TimeControl "180+1"]
[EndTime "14:39:35 PST"]
[Termination "bancsoo won on time"]

1. Nc3 d5 2. e4 dxe4 3. Nxe4 Qd5 4. Qf3 Nc6 5. Nc3 Qxf3 6. Nxf3 e5 7. Bb5 Bd7 8. O-O f6 9. d4 Nxd4 10. Nxd4 exd4 11.
Re1+ Kd8 12. Bxd7 Kxd7 13. Ne2 c5 14. c3 Re8 15. cxd4 cxd4 16. Bd2 Bc5 17. Nf4 Nh6 18. Nd3 Bb6 19. Bxh6 gxh6 20. Kf1 Kd6 21. Rxe8 Rxe8 22.
Re1 Rxe1+ 23. Kxe1 Kd5 24. Ke2 Kc4 25. Kd2 Bc7 26.
g3 Bd6 27. b3+ Kd5 28. Ke2 Ke4 29. f3+ Kd5 30. Nf2 h5 31. Kd3 h4 32. f4 hxg3 33. hxg3 f5 34. Nh3 h5 35. Ng5 h4 36.
gxh4 Bxf4 37. Nf3 Be3 38. h5 b5 39. Nh4 Ke5 40. Ng6+ Kf6 41. Nh4 Kg5 42. h6 Kxh6 43. Nxf5+ Kg5 44. Nxd4 1-0

[Event "Late-Titled-Tuesday-Blitz-March-05-2024"]
[Site "Chess.com"]
[Date "2024.03.05"]
[Round "4"]
[White "DeTimmerman"]
[Black "VladimirKramnik"]
[Result "0-1"]
[WhiteElo "2748"]
[BlackElo "2972"]
[TimeControl "180+1"]
[EndTime "14:39:37 PST"]
[Termination "VladimirKramnik won on time"]

1. b4 e5 2. Bb2 Bxb4 3. Bxe5 Nf6 4. Nc3 d5 5. Bxf6 gxf6 6. e3 Nc6 7. Nf3 d4 8. Ne2 dxe3 9. fxe3 Bg4 10. c3 Bc5 11. Nf4 Qd6 12. Be2 O-O-O 13. Nd4 Bd7 14. O-O Ne5 15.
Nb3 Bb6 16. d4 Ng6 17. c4 Nxf4 18. Rxf4 Qe7 19. Kf2 Rhe8 20. Qc1 c6 21. h3 Bc7 22. Rf3 Rg8 23. Nc5 Qd6 24. Ne4 Rxg2+ 25. Kxg2 Qh2+ 26.
Kf1 Rg8 27. Ke1 Ba5+ 28. Kd1 Bxh3 29. Qa3 Rg1+ 30. Bf1 Bxf1 31. Qf8+ Bd8 32. Nd6+ Kd7 33. Qxf7+ Be7 34. Qe8+ Kxd6 35. c5+ Ke6 36. Qc8+ Kf7 37. Qf5 Bd3+ 0-1

[Event "Late-Titled-Tuesday-Blitz-March-05-2024"]
[Site "Chess.com"]
[Date "2024.03.05"]
[Round "4"]
[White "GothamChess"]
[Black "TokChess"]
[Result "0-1"]
[WhiteElo "2660"]
[BlackElo "2544"]
[TimeControl "180+1"]
[EndTime "14:39:37 PST"]
[Termination "TokChess won by checkmate"]

1. e4 c5 2. a3 e6 3. b4 b6 4. b5 Bb7 5. d3 d5 6. e5 Nd7 7. Nf3 g6 8. c3 Bg7 9. d4 Ne7 10. h4 h6 11. Bd3 a6 12. Kf1 axb5 13. Bxb5 Ba6 14. Qe2 Bxb5 15. Qxb5 Qc7 16. Be3 Qc6 17.
Qxc6 Nxc6 18. Nbd2 O-O 19. Ke2 Ra4 20. Rhb1 Rfa8 21.
dxc5 bxc5 22. Rb5 Rxa3 23. Rxa3 Rxa3 24. Bxc5 Nxc5 25. Rxc5 Nxe5 26. Rc8+ Kh7 27. Nd4 Ra2 28. Nb3 Nc4 29. Kd3 Nd6 30. Rc7 Kg8 31. g3 Bf6 32. Rd7 Nb5 33. c4 dxc4+ 34. Kxc4 Nc3 35. g4 Nd5 36. h5 gxh5 37. gxh5 Kg7 38. Kd3 Nf4+ 39. Ke3 Nxh5 40. Nc5 Bg5+ 41. Ke2 Nf4+ 42. Kf3 Kg6 43.
Nde4 Ra3+ 44. Kg4 h5# 0-1

[Event "Late-Titled-Tuesday-Blitz-March-05-2024"]
[Site "Chess.com"]
[Date "2024.03.05"]
[Round "4"]
[White "C_K_G"]
[Black "Onthequiet"]
[Result "1-0"]
[WhiteElo "2179"]
[BlackElo "2429"]
[TimeControl "180+1"]
[EndTime "14:39:38 PST"]
[Termination "C_K_G won on time"]

1. e4 c6 2. Nf3 d5 3. Nc3 dxe4 4. Nxe4 Nf6 5. Ng3 g6 6. d4 Bg7 7. h3 Nbd7 8. Bc4 O-O 9. O-O a5 10. a4 Nb6 11. Bb3 Nfd5 12. Re1 Qc7 13. c4 Nb4 14.
Qe2 e6 15. Bd2 Nd7 16. Bc3 c5 17. Rad1 b6 18. d5 exd5 19. Bxg7 Kxg7 20. cxd5 Ba6 21. Qe3 Rae8 22. Qc3+ f6 23. d6 Qd8 24. Ng5 Ne5 25. f4 fxg5 26. fxe5 Kh6 27. e6 Rf4 28. e7 Qd7 29. Rd2 Bc8 30. Be6 Qxe6 31. Rxe6 Bxe6 32. d7 Bxd7 33. Rxd7 Nc6 34. Qd2 Nd4 35.
Ne2 Re4 36. Nxd4 cxd4 37. Kh2 R8xe7 38. Rxd4 Re2 39. Qd3 Rxb2 40. Qg3 Ree2 41. Rd5 1-0

[Event "Late-Titled-Tuesday-Blitz-March-05-2024"]
[Site "Chess.com"]
[Date "2024.03.05"]
[Round "4"]
[White "MeisterJabo"]
[Black "finec2"]
[Result "1/2-1/2"]
[WhiteElo "2452"]
[BlackElo "2218"]
[TimeControl "180+1"]
[EndTime "14:39:39 PST"]
[Termination "Game drawn by repetition"]

1. c4 Nf6 2. g3 g6 3. Bg2 Bg7 4. Nc3 O-O 5. Nf3 d6 6. d4 c5 7.
O-O Nc6 8. dxc5 dxc5 9. Be3 Be6 10. Bxc5 Bxc4 11. Qa4 Ba6 12. Rfd1 Qc7 13. Nb5 Bxb5 14. Qxb5 a6 15. Qb6 Qxb6 16. Bxb6 e6 17. Nd4 Nd7 18. Bxc6 Nxb6 19. Bxb7 Ra7 20. Bg2 Rd7 21. Nb3 Bxb2 22. Rxd7 Nxd7 23. Rd1 Ne5 24. h4 h5 25. Bf3 Nxf3+ 26.
exf3 Ra8 27. Rd2 Bf6 28. Rd7 a5 29. Nc5 a4 30. Ne4 Bg7 31. Ng5 a3 32. Nxf7 Rb8 33.
Ng5 Rb2 34. Nxe6 Be5 35. f4 Bf6 36. Ra7 Rxa2 37. Ng5 Ra1+ 38. Kg2 a2 39. Ra8+ Kg7 40.
Ra7+ Kg8 41. Ra8+ Kg7 42. Ra7+ Kg8 1/2-1/2

[Event "Late-Titled-Tuesday-Blitz-March-05-2024"]
[Site "Chess.com"]
[Date "2024.03.05"]
[Round "4"]
[White "Emp3rador"]
[Black "TanitoluwaAps116"]
[Result "1-0"]
[WhiteElo "2642"]
[BlackElo "2819"]
[TimeControl "180+1"]
[EndTime "14:39:40 PST"]
[Termination "Emp3rador won by resignation"]

1. e4 c5 2. Nf3 e6 3. d4 cxd4 4. Nxd4 Nf6 5. Nc3 Nc6 6. Ndb5 d6 7. Bf4 e5 8. Bg5 a6 9. Na3 b5 10. Nd5 Be7 11. Bxf6 Bxf6 12. c3 Rb8 13. Nc2 Bg5 14. Be2 O-O 15. O-O Be6 16. a4 bxa4 17. Ncb4 Nxb4 18. Nxb4 Bb3 19. Qd3 Rb6 20. Nxa6 g6 21. Nb4 Kg7 22. Bd1 Be6 23. Rxa4 f5 24. Ra7+ Kh8 25.
Bf3 d5 26. exf5 gxf5 27. Bxd5 Rxb4 28. cxb4 Qxd5 29. Qxd5 Bxd5 30. Rd1 Bb3 31. Rdd7 Rc8 32. Rxh7+ Kg8 33. Rag7+ Kf8 34. Rh8+ Kxg7 35. Rxc8 e4 36. b5 e3 37. fxe3 Bxe3+ 38. Kf1 Bd5 39. Rc3 Bd4 40.
Rc7+ Kf6 41. Rd7 Bc4+ 42. Ke1 Bc5 43. b6 Be6 44. b7 Ba7 45. Rd8 Ke7 46. b8=Q Bxb8 47.
Rxb8 Kd6 48. Rb6+ Ke5 49. Rxe6+ Kxe6 50. Kf2 Ke5 51. Kf3 1-0

[Event "Late-Titled-Tuesday-Blitz-March-05-2024"]
[Site "Chess.com"]
[Date "2024.03.05"]
[Round "4"]
[White "IngOscarArdila"]
[Black "GotCheeseCheckers"]
[Result "0-1"]
[WhiteElo "2327"]
[BlackElo "2513"]
[TimeControl "180+1"]
[EndTime "14:39:41 PST"]
[Termination "GotCheeseCheckers won on time"]

1. d4 Nf6 2. c4 e6 3. Nc3 Bb4 4. Qc2 d5 5. Nf3 O-O 6. Bg5 h6 7. Bxf6 Qxf6 8. a3 Bxc3+ 9. Qxc3 Nc6 10. e3 dxc4 11. Bxc4 Bd7 12. O-O Rfe8 13. Rfd1 Rad8 14.
Rac1 Ne7 15. Qa5 Bc6 16. Ne5 Be4 17. Qxc7 Qg5 18. Bf1 f6 19. f4 Qf5 20. Nc4 Nd5 21. Qa5 Nxe3 22. Qxf5 Nxf5 23. Nd2 Bc6 24. Bc4 Rxd4 25.
Nb3 Rxf4 26. g3 Re4 27. Bd3 Re5 28. Bc4 Kh7 29. Nd4 Nxd4 30. Rxd4 h5 31. Kf2 Kh6 32.
Re1 Rxe1 33. Kxe1 e5 34. Rd6 Re7 35. Bd3 Rd7 36. Rxd7 Bxd7 37. Kf2 b6 38. Ke3 h4 39. Be4 hxg3 40. hxg3 Kg5 41. Bd5 Bf5 42. b4 Kg4 43. Kf2 e4 44. Bc4 e3+ 45. Kxe3 Kxg3 46. Bf1 Bh3 47. Kd4 Bxf1 0-1